 Dungeon Crawl Stone Soup version 0.31-a0-365-gcf821ca (webtiles) character file.

Game seed: 7445134650799821070

45 Dorkslayer the Ruffian (level 3, -6/23 HPs)
             Began as an Octopode Shapeshifter on July 27, 2023.
             Mangled by a goblin
             ... wielding a +2 vampiric dagger
             ... led by Robin
              (7 damage)
             ... on level 2 of the Dungeon.
             The game lasted 00:02:38 (1044 turns).

Dorkslayer the Ruffian (Octopode Shapeshifter)      Turns: 1044, Time: 00:02:39

Health: -6/23      AC:  1    Str: 13 (16) XL:     3   Next: 64%
Magic:  3/3        EV: 13    Int:  7 (10) God:
Gold:   63         SH:  0    Dex:  9 (12) Spells: 2/2 levels left

rFire   . .          .
                       - Unarmed
rCold   . . .        (no shield)
rNeg    . . .        (helmet currently unavailable)
rPois   .            (no amulet)
rElec   .            (no ring)
rCorr   .            (no ring)
SInv    .            (no ring)
Will    .....        (no ring)
Stlth   ++           (no ring)
HPRegen 0.23/turn    (no ring)
MPRegen 0.08/turn    (no ring)
                     (no ring)

%: no passive effects
@: brilliant, beast-form
A: beast (slay +2), almost no armour, amphibious, 8 rings, camouflage 1,
gelatinous body 1, (nimble swimmer 1), tentacles
a: Begin Untransformation


You were on level 2 of the Dungeon.
You were a hulking beast.
You visited 1 branch of the dungeon, and saw 2 of its levels.

You collected 63 gold pieces.

Inventory:

Talismans
 b - a beast talisman
Scrolls
 c - a scroll of brand weapon
 f - a scroll of immolation {unknown}
 g - a scroll of fear {unknown}
 h - a scroll of vulnerability {unknown}
 j - a scroll of identify {unknown}
 k - a scroll of blinking {unknown}
Potions
 a - a potion of lignification


   Skills:
 + Level 1.0 Fighting
 + Level 2.2 Dodging
 + Level 0.1 Stealth
 + Level 3.6 Unarmed Combat
 + Level 3.5 Shapeshifting


You had 2 spell levels left.
You didn't know any spells.
Your spell library contained the following spells:

 Spells                   Type           Power      Damage    Failure   Level
 Alistair's Intoxication  Tmut/Pois      0%         N/A       100%        5
 Borgnjor's Vile Clutch   Necr/Erth      0%         N/A       100%        5
 Eringya's Noxious Bog    Tmut/Pois      0%         4d6       100%        6


Dungeon Overview and Level Annotations

Branches:
Dungeon (2/15)

Altars:


Innate Abilities, Weirdness & Mutations

You are a hulking beast.
Your limbs bulge with bestial killing power. (Slay +2)
You cannot wear most types of armour.
You are amphibious.
You can wear up to eight rings at the same time.
Your skin changes colour to match your surroundings (Stealth+).
Your rubbery body absorbs attacks. (AC +1, EV +1)
((You are camouflaged when in or above water. (Stealth+)))
You have tentacles for arms and can constrict up to eight enemies at once.


Message History

Your goblin hits the hobgoblin with a +0 dagger.
Robin zaps a wand.
The puff of flame hits your endoplasm!
Your endoplasm dies!
Your endoplasm dissolves into shadows!
The hobgoblin hits your goblin.
Your goblin dies!
Your goblin's corpse dissolves into shadows!
The goblin completely misses your bat.
Your bat closely misses the goblin.
The hobgoblin misses your adder.
Your adder barely misses the hobgoblin.
As you read the scroll labelled DEAHISKAODAU, it crumbles to dust.
It is a scroll of brand weapon.
You aren't carrying any weapons that can be branded.
Your bat hits the goblin.
Your adder bites the hobgoblin.
The hobgoblin dies!
Your bat hits the goblin. Robin misses you. The hobgoblin misses your adder.
The goblin hits your bat with a +0 club.
The rat bites your bat.
Your bat dies!
Your bat's corpse dissolves into shadows!
Your worm bites Robin.
Your adder bites Robin.
You tentacle-slap Robin. You grab Robin.
Robin is heavily wounded.
You constrict Robin.
Robin roars a battlecry!
The goblins go into a battle-frenzy!
The hobgoblin hits your adder.
Your adder dies!
Your adder's corpse dissolves into shadows!
Your worm bites Robin.
You tentacle-slap Robin.
Robin is severely wounded.
You constrict Robin.
The goblin no longer looks unusually strong.
The hobgoblin barely misses your worm. Robin throws the goblin at you!
* * * LOW HITPOINT WARNING * * *
The goblin closely misses you.
You tentacle-slap Robin. You squeeze Robin.
You kill Robin!
The goblin hits you with a +2 vampiric dagger!
You die...

...................#
########.........#.##
#.........'.>#
#.........##g#
#.......rg##)#
#.......g)##.#
#.......w....#
#########g#### #h#
#g# #.# #.# ########
#.# .......# #.#
######.# #.#
#.#########.#
#[..........#


You could see a hobgoblin (strong, ally target), 3 goblins, a rat and a friendly
worm (summoned).

Vanquished Creatures
  Robin (D:2)
  A gnoll (D:1)
  2 dart slugs
  5 bats
  2 endoplasms (D:1)
  A giant cockroach (D:1)
  5 goblins (D:2)
  3 hobgoblins
  2 kobolds
  A quokka (D:1)
  2 ball pythons
  2 frilled lizards (D:1)
  2 rats
29 creatures vanquished.

Vanquished Creatures (collateral kills)
  A hobgoblin (D:2)
  A goblin (D:2)
2 creatures vanquished.

Grand Total: 31 creatures vanquished

Notes
Turn   | Place    | Note
-------+----------+-------------------------------------------
     0 | D:1      | Dorkslayer the Octopode Shapeshifter began the quest for
                  | the Orb.
     0 | D:1      | Reached XP level 1. HP: 13/13 MP: 1/1
    97 | D:1      | Reached XP level 2. HP: 14/18 MP: 2/2
   545 | D:1      | Reached XP level 3. HP: 6/23 MP: 3/3
   990 | D:2      | Noticed Robin
  1043 | D:2      | HP: 1/23 [Robin/goblin (2)]
  1044 | D:2      | Killed Robin
  1044 | D:2      | Mangled by a goblin

Illustrated notes

Levels and vault maps discovered:
D:1:      dpeg_arrival_rooms_with_view, layout_basic
D:2:      layout_basic, uniq_robin

Action                     || total
---------------------------++-------
  Melee: Unarmed           ||    57
         Constrict         ||    16
         Tentacles         ||     8
         Punch             ||     1
    Use: Scroll            ||     4
         Potion            ||     3
   Stab: Sleeping          ||     1
 Armour: Skin              ||     6
  Dodge: Dodged            ||    46

Table legend: (Time is in decaauts)
 A = Elapsed time spent in this place.
 B = Non-inter-level travel time spent in this place.
 C = Inter-level travel time spent in this place.
 D = Time resting spent in this place.
 E = Time spent auto-exploring this place.
 F = Levels seen in this place.
 G = Mean time per level.
                   A        B        C        D        E       F      G
               +--------+--------+--------+--------+--------+-----+--------+
         Total |   1040 |   1040 |      0 |      0 |    636 |   2 |  520.0 |
       Dungeon |   1040 |   1040 |      0 |      0 |    636 |   2 |  520.0 |
               +--------+--------+--------+--------+--------+-----+--------+

Top non-repeatable levels by time:
     D:1: 717 daAuts
     D:2: 322 daAuts
